cohdb
Replays
Latest Replays
All Replays
Popular Replays
Top Player Replays
Match Explorer
How It Works
Community
CoH3 Stats
Reddit
Sign in to upload your games and track your stats! →
Sign in with Steam
Match 47660916
Unlisted
Match 47660916
Overview
Messages
Build Orders
End
Kradschützen Motorcycle Team
Kradschützen Motorcycle Team
Selects Panzerjäger Kommand Battlegroup
250 Light Carrier
250 Light Carrier
Panzerpioneer Squad
250 Light Carrier
Selects GrB 39 Grenade Launcher Requisition
Panzerpioneer Squad
250 Light Carrier
Construct Light Support Kompanie
Fire Support Elements
Kradschützen Motorcycle Team
Selects Mine Fields
Selects Defensive Positions
Assault Grenadier Squad
Assault Grenadier Squad
Construct Panzerarmee Kommand
AI Takeover
qyclub.top
Mr.Right
Cooler-Than-Me
mRR
Prohor
killmars000
既定之天命
Truck
0
0
Comments
sign in to comment!
No comments posted yet!